 Dungeon Crawl Stone Soup version 0.24.0-13-gcf9b319 (webtiles) character file.

Game seed: 11022983915237723532, levelgen mode: deterministic

24901 Fang the Fighter (level 13, 0/86 HPs)
             Began as a Gargoyle Berserker on Dec 3, 2019.
             Was a High Priest of Trog.
             Slain by a 12-headed hydra (8 damage)
             ... on level 3 of the Lair of Beasts.
             The game lasted 00:18:45 (14402 turns).

Fang the Fighter (Gargoyle Berserker)              Turns: 14402, Time: 00:18:46

Health: 0/86       AC: 34    Str: 26    XL:     13   Next: 16%
Magic:  13/13      EV:  9    Int:  8    God:    Trog [*****.]
Gold:   966        SH: 15    Dex:  9    Spells: 12/12 levels left

rFire    + + .     SeeInvis .   a - +4 war axe (venom)
rCold    + . .     Gourm    .   B - +0 shield
rNeg     + . .     Faith    .   b - +6 plate armour
rPois    ∞         Spirit   .   (no helmet)
rElec    +         Reflect  +   y - scarf {rC+ rF+}
rCorr    .         Harm     .   s - +2 pair of gloves {archery}
MR       .....                  (no boots)
Stlth    ..........             u - +6 amulet of reflection
HPRegen  0.24/turn              (no ring)
MPRegen  0.13/turn              w - ring of protection from fire

@: berserk cooldown, slowed, very slow
A: negative energy resistance 1, electricity resistance, unbreathing,
petrification resistance, rot immunity, AC +9
a: Berserk, Trog's Hand, Brothers in Arms, Renounce Religion


You were on level 3 of the Lair of Beasts.
You worshipped Trog.
Trog was extremely pleased with you.
You were very hungry.

You visited 3 branches of the dungeon, and saw 16 of its levels.
You also visited: Sewer.

You collected 1053 gold pieces.
You spent 87 gold pieces at shops.

Inventory:

Hand Weapons
 a - a +4 war axe of venom (weapon)
Armour
 b - a +6 plate armour (worn)
 s - a +2 pair of gloves of archery (worn)
 y - a scarf of resistance (worn)
 B - a +0 shield (worn)
Jewellery
 u - a +6 amulet of reflection (around neck)
 w - a ring of protection from fire (right hand)
Wands
 e - a wand of clouds (5)
 k - a wand of digging (11)
 l - a wand of scattershot (6)
 t - a wand of iceblast (15)
Scrolls
 f - 2 scrolls of magic mapping
 g - 7 scrolls of remove curse
 h - a scroll of blinking
 m - 5 scrolls of teleportation
 x - a scroll of holy word
 C - 2 scrolls of fog
Potions
 d - 2 potions of flight
 i - 10 potions of curing
 j - 7 potions of heal wounds
 n - a potion of brilliance {unknown}
 o - 3 potions of magic {unknown}
 p - 3 potions of mutation {unknown}
 r - 5 potions of agility
 v - 2 potions of invisibility
 z - 3 potions of might
 D - 2 potions of haste
Comestibles
 c - 26 rations


   Skills:
 + Level 12.2 Fighting
 + Level 10.5 Axes
 + Level 12.0 Armour
 + Level 9.4 Dodging
 + Level 1.9 Shields


You had 12 spell levels left.
You didn't know any spells.
Your spell library was empty.

Dungeon Overview and Level Annotations

Branches:
Dungeon (12/15)            Temple (1/1) D:6            Lair (3/6) D:10
    Orc (0/2) D:12          Sewer (visited)
  Swamp: Lair:2-4    Shoals: Lair:2-4     Snake: Lair:2-4    Spider: Lair:2-4

Altars:
Ashenzari
Cheibriados
Elyvilon
Fedhas
Hepliaklqana
Makhleb
Qazlal
Trog
Wu Jian
Xom
Zin

Shops:
D:6 }[((}


Innate Abilities, Weirdness & Mutations

You are resistant to torment.
Your stone body is resilient. (AC +9)
You are immune to poison.
You resist negative energy. (rN+)
You are resistant to electric shocks. (rElec)
You can survive without breathing.
You are immune to petrification.
You are immune to rotting.


Message History

* * * LOW HITPOINT WARNING * * *
The 12-headed hydra bites you.
* * * LOW HITPOINT WARNING * * *
The 12-headed hydra bites you but does no damage. x4
The spiny frog stings you!
* * * LOW HITPOINT WARNING * * *
You hit the spiny frog but do no damage.
The spiny frog is almost dead.
You completely miss the 12-headed hydra.
You slash the water moccasin! You miss the blink frog.
You block the water moccasin's attack.
Your two-headed ogre barely misses the spiny frog.
Your two-headed ogre closely misses the spiny frog.
The blink frog hits you but does no damage.
You block the spiny frog's attack.
The 12-headed hydra bites you but does no damage.
You block the 12-headed hydra's attack.
The 12-headed hydra bites you but does no damage.
The 12-headed hydra bites you!
You die...

.#P....#.# ..# ####.#
###....##.# .. .#..
###....#### . #...
........# ... (##.....#
##..## .≈.≈...## ..#.###
.≈≈≈≈≈≈.### #.....#
≈≈≈≈≈≈≈≈..######FS#.+##.#
≈≈≈≈≈≈≈≈.###...O@D.....#
≈≈≈..≈≈≈≈≈#.#.>.F........
≈≈.<.≈≈≈≈...+..†.........
≈≈..≈≈≈≈...##............
≈≈≈≈≈≈≈≈..###............
≈≈≈≈≈≈≈≈..##.###....#....
≈≈≈≈≈≈≈##### ######....
≈.≈.... ... ##..##


You could see a 12-headed hydra, a spiny frog, a blink frog, a water moccasin
and a friendly two-headed ogre (berserk).

Vanquished Creatures
  Erica (D:8)
  2 hydras (Lair:3)
  3 unseen horrors
  A wolf spider zombie (D:12)
  2 slime creatures (D:12)
  A manticore (D:12)
  A black mamba (Lair:2)
  Joseph (D:7)
  7 spiny frogs
  2 komodo dragons
  A hornet (D:10)
  A troll (D:9)
  Grinder (Sewer)
  A bog body (Lair:3)
  A blink frog (Lair:3)
  7 hippogriffs
  Sigmund (D:5)
  19 yaks
  A wyvern (D:8)
  3 basilisks
  4 hogs (D:7)
  A human (D:7)
  A shadow (D:12)
  2 hungry ghosts
  Grum (D:8)
  3 wargs (D:12)
  7 water moccasins
  3 ice beasts
  5 porcupines
  2 sky beasts
  2 orc warriors (D:12)
  8 ogres
  6 phantoms
  2 necrophages (D:8)
  8 centaurs
  8 wolves
  6 crocodiles
  4 big kobolds
  8 bullfrogs
  2 scorpions
  4 killer bees (D:8)
  8 wights
  2 howler monkeys
  4 crimson imps
  A centaur zombie (D:11)
  11 hounds
  A bullfrog skeleton (D:11)
  3 orc priests
  3 iron imps (D:6)
  5 jellies
  7 orc wizards
  Crazy Yiuf (D:5)
  2 centaur skeletons
  7 iguanas
  9 worker ants
  Natasha (thrice) (D:2)
  A big kobold zombie (Sewer)
  A hound zombie (D:10)
  2 hound skeletons
  2 worker ant zombies (D:6)
  4 gnolls (D:5)
  22 adders
  A river rat (D:3)
  4 shadow imps
  An ufetubus (Sewer)
  3 oozes
  2 adder zombies
  2 adder skeletons
  A worm (D:4)
  4 dart slugs
  A leopard gecko (D:6)
  22 orcs
  A bat zombie (Sewer)
  7 giant cockroaches
  8 goblins
  6 hobgoblins
  16 jackals
  30 kobolds
  4 quokkas
  5 ball pythons
  10 bats
  4 frilled lizards
  A jackal skeleton (D:5)
  2 quokka zombies
  6 rats
  2 fungi (Lair:3)
  A plant (D:10)
387 creatures vanquished.

Vanquished Creatures (collateral kills)
  2 hydras
  A blink frog (Lair:3)
  A water moccasin (Lair:2)
  A black bear (D:11)
5 creatures vanquished.

Vanquished Creatures (others)
  2 centaurs (Lair:1)
  A fungus (Lair:3)
  A plant (Lair:3)
4 creatures vanquished.

Grand Total: 396 creatures vanquished

Notes
Turn   | Place    | Note
-------+----------+-------------------------------------------
     0 | D:1      | Fang the Gargoyle Berserker began the quest for the Orb.
     0 | D:1      | Reached XP level 1. HP: 14/14 MP: 1/1
    99 | D:1      | Reached XP level 2. HP: 10/19 MP: 2/2
   936 | D:1      | Reached XP level 3. HP: 18/23 MP: 3/3
  1386 | D:1      | Reached ** piety under Trog
  1695 | D:2      | Noticed Natasha
  1708 | D:2      | Killed Natasha
  1708 | D:2      | Reached XP level 4. HP: 25/29 MP: 4/4
  1871 | D:2      | Noticed Natasha
  1878 | D:2      | Killed Natasha
  1950 | D:2      | Found a blossoming altar of Fedhas.
  2156 | D:2      | Reached XP level 5. HP: 22/33 MP: 5/5
  2271 | D:2      | Noticed Natasha
  2280 | D:2      | Killed Natasha
  2629 | D:3      | Found a shimmering altar of Xom.
  2872 | D:3      | Found a glowing drain.
  2882 | D:3      | Reached XP level 6. HP: 35/39 MP: 6/6
  2893 | Sewer    | Entered a sewer
  2906 | Sewer    | Reached *** piety under Trog
  3042 | Sewer    | Found an ancient bone altar of Kikubaaqudgha.
  3385 | Sewer    | Noticed Grinder
  3400 | Sewer    | Paralysed by Grinder for 7 turns
  3420 | Sewer    | Killed Grinder
  3420 | Sewer    | Reached skill level 5 in Fighting
  3420 | Sewer    | Reached XP level 7. HP: 44/44 MP: 7/7
  3556 | Sewer    | Reached skill level 5 in Armour
  3735 | D:3      | Found a hazy altar of Hepliaklqana.
  3751 | D:4      | Found a snail-covered altar of Cheibriados.
  3898 | D:4      | Found a bloodstained altar of Trog.
  3906 | D:4      | Reached XP level 8. HP: 48/51 MP: 8/8
  3956 | D:4      | Reached skill level 5 in Axes
  4330 | D:5      | Entered Level 5 of the Dungeon
  4511 | D:5      | Reached **** piety under Trog
  4921 | D:5      | Found a runed translucent door.
  4922 | D:5      | Noticed Crazy Yiuf
  5242 | D:5      | Noticed Sigmund
  5284 | D:5      | Killed Sigmund
  5284 | D:5      | Reached XP level 9. HP: 57/57 MP: 9/9
  5501 | D:5      | Reached skill level 5 in Dodging
  5684 | D:5      | Killed Crazy Yiuf
  5913 | D:6      | Found Foeluses's Gadget Shop.
  5926 | D:6      | Found Foext's Antique Weapon Shop.
  6047 | D:6      | Bought a war axe for 87 gold pieces
  6134 | D:6      | Found Nivuj's Antique Weapon Boutique.
  6257 | D:6      | Found a stormy altar of Qazlal.
  6464 | D:6      | Found a staircase to the Ecumenical Temple.
  6474 | Temple   | Entered the Ecumenical Temple
  6549 | D:6      | Found Vopript's Gadget Emporium.
  6578 | D:6      | Found a burning altar of Makhleb.
  6673 | D:6      | Found Soegrafe's Antique Armour Shoppe.
  6884 | D:7      | Noticed Joseph
  6905 | D:7      | Killed Joseph
  7170 | D:7      | Reached XP level 10. HP: 64/64 MP: 10/10
  7250 | D:8      | Noticed Erica
  7250 | D:8      | Noticed Grum
  7316 | D:8      | Killed Erica
  7403 | D:8      | Killed Grum
  8265 | D:9      | Reached ***** piety under Trog
  8305 | D:9      | Found a glowing silver altar of Zin.
  8342 | D:9      | Reached XP level 11. HP: 41/71 MP: 11/11
  8646 | D:9      | Found a shattered altar of Ashenzari.
  8925 | D:9      | Found an ornate altar of the Wu Jian Council.
  8945 | D:10     | Entered Level 10 of the Dungeon
  8958 | D:10     | Found a staircase to the Lair.
  9139 | D:10     | Killed an unseen horror
  9139 | D:10     | Reached skill level 10 in Fighting
  9718 | D:11     | Killed an unseen horror
  9718 | D:11     | Reached skill level 10 in Armour
  9844 | D:11     | Noticed a six-headed hydra
  9852 | D:11     | Killed an eight-headed hydra
 10078 | D:11     | Killed an unseen horror
 10919 | D:12     | Reached XP level 12. HP: 71/79 MP: 12/12
 10984 | D:12     | Found a staircase to the Orcish Mines.
 12163 | Lair:1   | Entered Level 1 of the Lair of Beasts
 12289 | Lair:1   | Received a gift from Trog
 12355 | Lair:1   | Found a white marble altar of Elyvilon.
 12420 | Lair:1   | You fall into a shaft and drop 1 floor!
 12742 | Lair:2   | Reached skill level 10 in Axes
 13147 | Lair:2   | Noticed a seven-headed hydra
 13153 | Lair:2   | Killed an eight-headed hydra
 14127 | Lair:3   | Noticed a five-headed hydra
 14145 | Lair:3   | Killed a 13-headed hydra
 14243 | Lair:3   | Reached XP level 13. HP: 79/86 MP: 13/13
 14385 | Lair:3   | Reached skill level 1 in Shields
 14402 | Lair:3   | Slain by a 12-headed hydra

Levels and vault maps discovered:
D:1:      dpeg_arrival_arbitrary_a, layout_basic
D:2:      layout_rooms, fedhas_altar_2, uniq_natasha
D:3:      layout_rooms, lemuel_round_altar, portal_sewer_entry_b,
          minmay_misc_feat_cross, skrybe_limestone_x, xom_teletrap_fun
D:4:      layout_rooms, bloody_trog, lemuel_tele_altar
D:5:      layout_loops_cross, first_ration, uniq_crazy_yiuf_cottage,
          uniq_sigmund
D:6:      nicolae_whirlpool, layout_basic, demons_altar, grunt_qazlal_clouds,
          temple_green, serial_shops, kennysheep_mini, shop, shop,
          kennysheep_mini_moat, shop
D:7:      layout_rooms, grunt_livestock, uniq_joseph
D:8:      lemuel_ice_spiral_2, layout_rooms, uniq_erica, uniq_grum
D:9:      layout_rooms, lemuel_round_altar, zin_statuary, kennysheep_little_box
D:10:     layout_loops_cross, david_lair_generic
D:11:     layout_basic
D:12:     layout_stronghold, minmay_orc_entry_guard_dogs
Temple:   regret_index_temple_generic_petals
Lair:1:   layout_gridlike, lemuel_centaur_altar
Lair:2:   layout_layer_cave, beast_lair_carwin_5
Lair:3:   layout_roguey, skrybe_swamp_entry_bodies,
          nicolae_volcano_entry_lava_flow, infiniplex_staircase_pool_2

Skill      XL: |  1  2  3  4  5  6  7  8  9 10 11 12 13 |
---------------+----------------------------------------+-----
Axes           | 3 4 5 6 8 9 10 | 10.5
Dodging        | 2 3 4 5 7 8 9 |  9.4
Armour         | 3 4 5 6 7 9 10 11 12 | 12.0
Fighting       | 4 5 7 8 9 10 12 | 12.2
Shields        | 1 |  1.9

Action                   |  1- 3 |  4- 6 |  7- 9 | 10-12 | 13-15 || total
-------------------------+-------+-------+-------+-------+-------++-------
Melee: Hand axe          |   110 |   236 |   411 |       |       ||   757
       War axe           |       |       |   108 |   764 |    36 ||   908
Invok: Berserk           |     1 |     1 |     6 |     9 |     1 ||    18
       Trog's Hand       |       |     1 |     1 |     5 |       ||     7
       Brothers in Arms  |       |       |       |     3 |     2 ||     5
  Use: Scroll            |       |       |    13 |    19 |       ||    32
       Potion            |       |       |     1 |       |     1 ||     2
  Eat: Chunk             |     3 |     6 |    13 |    33 |     1 ||    56
       Ration            |       |       |     2 |     2 |       ||     4
Armor: Animal skin       |    31 |   120 |     2 |       |       ||   153
       Plate armour      |       |       |   423 |   864 |   101 ||  1388
Dodge: Dodged            |    64 |   194 |   284 |   529 |    62 ||  1133
Block: Other             |       |       |       |   213 |     1 ||   214
       Reflection        |       |       |       |    15 |       ||    15
       Shield            |       |       |       |       |    72 ||    72
